 Dungeon Crawl Stone Soup version 0.30-a0-371-gad7725a93e (webtiles) character file.

Game seed: 13573885052913404461

11199 mopl the Covert (level 11, -2/47 HPs)
             Began as a Vine Stalker Enchanter on Nov 22, 2022.
             Was a Priest of Kikubaaqudgha.
             Slain by a cyclops (19 damage)
             ... on level 11 of the Dungeon.
             The game lasted 00:26:08 (9913 turns).

mopl the Covert (Vine Stalker Enchanter)            Turns: 9913, Time: 00:26:09

Health: -2/47      AC:  3    Str: 10    XL:     11   Next: 74%
Magic:  0/33       EV: 12    Int: 19    God:    Kikubaaqudgha [***...]
Gold:   669        SH:  0    Dex: 16    Spells: 9/27 levels left

rFire   . . .      SeeInvis .    a - +2 dagger (venom)
rCold   + . .      Faith    .    x - orb {guile}
rNeg    . . .      Spirit   +    t - +0 robe
rPois   .          Reflect  .    (no helmet)
rElec   .          Harm     .    (no cloak)
rCorr   .          Rampage  .    n - +0 pair of gloves
Will    .....                    (no boots)
Stlth   +++++.....               (no amulet)
HPRegen 1.07/turn                d - ring of magical power
MPRegen 0.23/turn                H - ring of protection from cold

@: no status effects
A: fangs 3, regeneration 1, magic shield, antimagic bite, no potion heal 2
a: Renounce Religion, Unearth Wretches


You were on level 11 of the Dungeon.
You worshipped Kikubaaqudgha.
Kikubaaqudgha was most pleased with you.
You visited 2 branches of the dungeon, and saw 12 of its levels.

You collected 669 gold pieces.

Inventory:

Hand Weapons
 a - a +2 dagger of venom (weapon)
 b - a +0 short sword of draining
 m - a +4 short sword of freezing
 D - a +1 hand axe of flaming
 R - a +2 dagger of draining
 T - a +0 short sword of speed
Missiles
 f - 15 boomerangs (quivered)
 k - 28 poisoned darts
 q - 2 throwing nets
 O - 5 atropa-tipped darts
 Q - 5 javelins
Armour
 n - a +0 pair of gloves (worn)
 t - a +0 robe (worn)
 x - an orb of guile (worn)
 G - +0 acid dragon scales
 N - a +0 buckler
Magical Staves
 B - a staff of death
Jewellery
 d - a ring of magical power (left hand)
 H - a ring of protection from cold (right hand)
Wands
 l - a wand of acid (8)
 u - a wand of flame (14)
 C - a wand of digging (8)
 P - a wand of mindburst (1)
Scrolls
 i - 7 scrolls of teleportation {unknown}
 j - 2 scrolls of blinking {unknown}
 r - a scroll of silence {unknown}
 s - 3 scrolls of amnesia {unknown}
 v - 2 scrolls of enchant armour {unknown}
 y - a scroll of torment {unknown}
 z - 4 scrolls of poison {unknown}
 A - 2 scrolls of immolation {unknown}
 E - a scroll of fear {unknown}
 F - 2 scrolls of magic mapping {unknown}
 K - 2 scrolls of enchant weapon {unknown}
 U - a scroll of fog {unknown}
Potions
 c - 2 potions of invisibility
 e - 3 potions of might
 g - 3 potions of curing
 h - 4 potions of mutation {!q}
 o - a potion of magic
 p - a potion of cancellation
 w - 5 potions of lignification {!q}
 I - 3 potions of flight
 J - a potion of brilliance
 L - a potion of resistance
 M - 2 potions of attraction {unknown}
 S - a potion of ambrosia {unknown}


   Skills:
 + Level 7.6 Short Blades
 - Level 1.5 Dodging
 + Level 11.4 Stealth
 + Level 8.7 Spellcasting
 - Level 3.0 Conjurations
 + Level 8.9 Hexes
 + Level 5.5 Necromancy
 - Level 4.0 Ice Magic


You had 9 spell levels left.
You knew the following spells:

 Your Spells              Type           Power      Damage    Failure   Level
a - Dazzling Flash        Conj/Hex       60%        N/A       2%          3
b - Ensorcelled Hibernat  Hex/Ice        64%        N/A       1%          2
c - Confusing Touch       Hex            42%        N/A       1%          3
d - Tukima's Dance        Hex            42%        N/A       1%          3
f - Anguish               Hex/Necr       17%        N/A       4%          4
v - Vampiric Draining     Necr           29%        2d8       2%          3

Your spell library contained the following spells:

 Spells                   Type           Power      Damage    Failure   Level
 Kiss of Death            Conj/Necr      96%        2d12      1%          1
 Necrotise                Necr           100%       1d9       1%          1
 Slow                     Hex            100%       N/A       1%          1
 Sublimation of Blood     Necr           29%        N/A       1%          2
 Magic Dart               Conj           76%        1d6       2%          1
 Searing Ray              Conj           38%        2d5       3%          2
 Frozen Ramparts          Ice            46%        1d7       4%          3
 Portal Projectile        Hex/Tloc       50%        N/A       4%          3
 Cigotuvi's Dreadful Rot  Necr/Pois/Air  30%        N/A       6%          2
 Fulminant Prism          Conj/Hex       15%        3d10      8%          4
 Animate Dead             Necr           29%        N/A       9%          4
 Dispel Undead            Necr           29%        3d13      9%          4
 Wereblood                Tmut           8%         N/A       13%         2
 Leda's Liquefaction      Hex/Erth       12%        N/A       14%         4
 Agony                    Necr           29%        N/A       24%         5
 Call Canine Familiar     Summ           8%         N/A       26%         3
 Gell's Gravitas          Tloc           8%         N/A       26%         3
 Lesser Beckoning         Tloc           16%        N/A       26%         3
 Teleport Other           Tloc           8%         N/A       26%         3
 Ice Form                 Ice/Tmut       15%        N/A       36%         4
 Summon Ice Beast         Ice/Summ       15%        N/A       36%         4
 Borgnjor's Vile Clutch   Necr/Erth      9%         N/A       58%         5
 Airstrike                Air            4%         2d(1-17)  63%         4
 Manifold Assault         Tloc           8%         N/A       63%         4
 Summon Lightning Spire   Summ/Air       8%         N/A       63%         4
 Lightning Bolt           Conj/Air       6%         1d18      77%         5
 Simulacrum               Ice/Necr       13%        N/A       88%         6
 Dispersal                Tloc           4%         N/A       100%        6
 Summon Hydra             Summ           4%         N/A       100%        7
 Disjunction              Tloc           4%         N/A       100%        8


Dungeon Overview and Level Annotations

Branches:
Dungeon (11/15)            Temple (1/1) D:7            Lair (0/5) D:11
    Orc: D:9-12

Altars:
Dithmenos
Fedhas
Gozag
Hepliaklqana
Kikubaaqudgha
Nemelex Xobeh
Okawaru
Qazlal
Ru
Trog
Uskayaw
Vehumet
Wu Jian
Xom
Zin

Shops:
D:6 :   D:10 (


Innate Abilities, Weirdness & Mutations

You have razor-sharp teeth.
Your natural rate of healing is unusually fast.
When hurt, damage is shared between your health and your magic reserves.
Your bite disrupts and absorbs the magic of your enemies.
Potions cannot restore your health.


Message History

The yak resists with significant effort.
The yak gores you!
Casting: Ensorcelled Hibernation (safe; 1% risk of failure)
Confirm with . or Enter, or press ? or * to list all spells.
Aiming: Ensorcelled Hibernation (safe; 1% risk of failure)
Press: ? - help, Shift-Dir - straight line, f/p - yak
Aim: a yak (chance to affect: 77%)
The yak looks drowsy...
The helpless yak fails to defend itself.
You stick the yak like a pincushion!!!!
You kill the yak!
Kikubaaqudgha accepts your kill.
Casting: Ensorcelled Hibernation (safe; 1% risk of failure)
Confirm with . or Enter, or press ? or * to list all spells.
Aiming: Ensorcelled Hibernation (safe; 1% risk of failure)
Press: ? - help, Shift-Dir - straight line, f - cyclops
Aim: a cyclops, quivering large rocks (chance to affect: 77%)
The cyclops looks drowsy...
The cyclops shouts!
The cyclops hits you!
You see here a yak corpse.
You hit the cyclops but do no damage.
The cyclops is poisoned.
You hit the cyclops.
The cyclops looks even sicker.
You bite the cyclops. You drain its power.
You feel invigorated.
The cyclops is lightly wounded.
The cyclops hits you!!
* * * LOW HITPOINT WARNING * * *
You are too injured to fight recklessly!
Casting: Ensorcelled Hibernation (safe; 1% risk of failure)
Confirm with . or Enter, or press ? or * to list all spells.
Casting: Dazzling Flash (dangerous; 2% risk of failure)
Press: ? - help, Dir - look around, f - activate Unknown command.
Casting: Dazzling Flash (dangerous; 2% risk of failure)
Confirm with . or Enter, or press ? or * to list all spells.
Casting: Dazzling Flash (dangerous; 2% risk of failure)
Press: ? - help, Dir - look around, f - activate The cyclops is dazzled.
The cyclops hits you!!
You die...
Kikubaaqudgha rasps: "You have failed me!
Welcome... death!"

.C........#
#....##
#.........#
#....)z
.........
#....## .......
#....## .....
#...... ...
#...... #.#
#...... #C#
##...#. #@#
#...## #†#
#...# #.# #.[.#
######.## #.###
##.......# #.#
#..#####.# #.#
#.## ###.###
#.#
#.####.....###
#)#
#.##.........##
#.#


You could see a cyclops (blind, very poisoned).

Vanquished Creatures
  A boulder beetle (D:11)
  2 two-headed ogres
  Pikel (D:6)
  Maggie (D:7)
  A troll (D:11)
  Prince Ribbit (D:9)
  Grinder (D:6)
  A shadow (D:11)
  2 wraiths
  15 yaks
  Grum (D:8)
  Menkaure (D:4)
  A steam dragon (D:9)
  2 wargs (D:11)
  Duvessa (D:4)
  8 orc warriors
  A sky beast (D:6)
  2 black bears
  An ogre (D:10)
  2 wolves (D:8)
  2 centaurs
  A lemure (D:6)
  2 kobold brigands (D:9)
  5 bullfrogs
  5 scorpions
  2 gnoll sergeants
  16 wights
  Dowan (D:4)
  2 howler monkeys
  A hound (D:5)
  2 jellies (D:6)
  2 gnoll boudas
  12 orc priests
  Ijyb (D:4)
  Natasha (thrice) (D:4)
  6 iguanas
  7 orc wizards
  18 gnolls
  6 adders
  3 white imps
  4 ufetubi
  A worm (D:2)
  5 dart slugs
  46 orcs
  An endoplasm (D:3)
  6 giant cockroaches
  4 goblins
  6 hobgoblins
  3 jackals (D:3)
  17 kobolds
  4 quokkas
  7 ball pythons
  4 bats
  3 frilled lizards
  5 rats
259 creatures vanquished.

Vanquished Creatures (collateral kills)
  Sigmund (D:4)
  An ogre (D:6)
  2 wights (D:10)
4 creatures vanquished.

Vanquished Creatures (others)
  6 dancing weapons
6 creatures vanquished.

Grand Total: 269 creatures vanquished

Notes
Turn   | Place    | Note
-------+----------+-------------------------------------------
     0 | D:1      | mopl the Vine Stalker Enchanter began the quest for the
                  | Orb.
     0 | D:1      | Reached XP level 1. HP: 9/9 MP: 4/4
    57 | D:1      | Found a faded altar of an unknown god.
    79 | D:1      | Reached skill level 1 in Short Blades
   131 | D:1      | Reached XP level 2. HP: 13/13 MP: 6/6
   139 | D:1      | Learned a level 2 spell: Ensorcelled Hibernation
   545 | D:2      | Reached skill level 4 in Stealth
   553 | D:2      | Identified the +1 ring mail of Oprasoece {Harm rPois Str-2
                  | Int+3}
   663 | D:2      | Reached XP level 3. HP: 16/16 MP: 7/7
   685 | D:2      | Learned a level 3 spell: Tukima's Dance
  1115 | D:2      | Reached skill level 1 in Ice Magic
  1352 | D:3      | Gained mutation: Your natural rate of healing is unusually
                  | fast. [Vine Stalker growth]
  1352 | D:3      | Reached XP level 4. HP: 21/21 MP: 9/9
  1620 | D:3      | Reached skill level 3 in Spellcasting
  1667 | D:3      | Reached XP level 5. HP: 24/24 MP: 9/10
  1690 | D:3      | Reached skill level 2 in Short Blades
  1826 | D:4      | Noticed Ijyb
  1837 | D:4      | Killed Ijyb
  2075 | D:4      | Noticed Natasha
  2075 | D:4      | Noticed Menkaure
  2102 | D:4      | Killed Natasha
  2122 | D:4      | Learned a level 3 spell: Confusing Touch
  2131 | D:4      | Killed Menkaure
  2132 | D:4      | Reached skill level 5 in Stealth
  2132 | D:4      | Reached skill level 4 in Hexes
  2132 | D:4      | Reached skill level 2 in Ice Magic
  2132 | D:4      | Reached XP level 6. HP: 19/28 MP: 9/12
  2137 | D:4      | Noticed Sigmund
  2214 | D:4      | Killed Sigmund
  2215 | D:4      | Reached XP level 7. HP: 32/32 MP: 13/13
  2287 | D:4      | Noticed Duvessa
  2287 | D:4      | Noticed Dowan
  2291 | D:4      | Killed Dowan
  2292 | D:4      | Reached skill level 3 in Short Blades
  2292 | D:4      | Reached skill level 4 in Spellcasting
  2309 | D:4      | Killed Duvessa
  2310 | D:4      | Reached skill level 3 in Ice Magic
  2448 | D:4      | Reached skill level 6 in Stealth
  2630 | D:4      | Noticed Natasha
  2645 | D:4      | Killed Natasha
  2903 | D:4      | Noticed Natasha
  2917 | D:4      | Killed Natasha
  3477 | D:5      | Entered Level 5 of the Dungeon
  3674 | D:5      | Gained mutation: You have razor-sharp teeth. [Vine Stalker
                  | growth]
  3674 | D:5      | Reached XP level 8. HP: 36/36 MP: 15/15
  3762 | D:5      | Reached skill level 5 in Hexes
  3776 | D:5      | Found a shadowy altar of Dithmenos.
  3776 | D:5      | Found an opulent altar of Gozag.
  3777 | D:5      | Found a bloodstained altar of Trog.
  4388 | D:6      | Reached skill level 4 in Ice Magic
  4393 | D:6      | Learned a level 3 spell: Dazzling Flash
  4458 | D:6      | Noticed Pikel
  4467 | D:6      | Killed Pikel
  4468 | D:6      | Reached skill level 4 in Short Blades
  4468 | D:6      | Reached skill level 7 in Stealth
  4468 | D:6      | Reached skill level 5 in Spellcasting
  4468 | D:6      | Reached skill level 1 in Conjurations
  4546 | D:6      | Reached skill level 2 in Conjurations
  4546 | D:6      | Reached XP level 9. HP: 39/39 MP: 18/18
  4564 | D:6      | Noticed Grinder
  4593 | D:6      | Paralysed by Grinder for 3 turns
  4596 | D:6      | Killed Grinder
  4597 | D:6      | Reached skill level 6 in Hexes
  4935 | D:6      | Reached skill level 8 in Stealth
  5192 | D:6      | Found Sidur's Book Boutique.
  5574 | D:7      | Reached skill level 3 in Conjurations
  5578 | D:7      | Reached skill level 5 in Short Blades
  5654 | D:6      | Reached skill level 6 in Spellcasting
  5876 | D:7      | Found a staircase to the Ecumenical Temple.
  5911 | Temple   | Entered the Ecumenical Temple
  5977 | Temple   | Became a worshipper of Kikubaaqudgha
  6059 | D:7      | Noticed Maggie
  6072 | D:7      | Killed Maggie
  6553 | D:7      | Learned a level 3 spell: Vampiric Draining
  7064 | D:8      | Reached skill level 9 in Stealth
  7064 | D:8      | Reached skill level 1 in Necromancy
  7064 | D:8      | Reached XP level 10. HP: 38/44 MP: 13/21
  7172 | D:8      | Reached skill level 7 in Hexes
  7340 | D:8      | Reached * piety under Kikubaaqudgha
  7340 | D:8      | Received a gift from Kikubaaqudgha
  7367 | D:8      | Noticed Grum
  7373 | D:8      | Killed Grum
  7374 | D:8      | Reached skill level 2 in Necromancy
  7599 | D:8      | Reached skill level 6 in Short Blades
  7616 | D:8      | Reached skill level 7 in Spellcasting
  7884 | D:8      | Found a sacrificial altar of Ru.
  8186 | D:9      | Reached skill level 3 in Necromancy
  8222 | D:9      | Reached skill level 10 in Stealth
  8373 | D:9      | Noticed Prince Ribbit
  8378 | D:9      | Killed Prince Ribbit
  8431 | D:9      | Reached ** piety under Kikubaaqudgha
  8447 | D:9      | Reached skill level 8 in Hexes
  8451 | D:9      | Reached skill level 4 in Necromancy
  8451 | D:9      | Reached XP level 11. HP: 29/47 MP: 7/23
  8631 | D:10     | Entered Level 10 of the Dungeon
  8919 | D:10     | Reached skill level 7 in Short Blades
  8930 | D:10     | Reached skill level 8 in Spellcasting
  9031 | D:10     | Found Voatuf's Antique Weapon Emporium.
  9103 | D:10     | Reached *** piety under Kikubaaqudgha
  9103 | D:10     | Received a gift from Kikubaaqudgha
  9226 | D:10     | Noticed a two-headed ogre
  9402 | D:10     | Killed a two-headed ogre
  9522 | D:11     | Reached skill level 11 in Stealth
  9598 | D:11     | Learned a level 4 spell: Anguish
  9676 | D:11     | Noticed a boulder beetle
  9684 | D:11     | Killed a boulder beetle
  9685 | D:11     | Reached skill level 5 in Necromancy
  9693 | D:11     | Noticed a skeletal warrior
  9693 | D:11     | Noticed a skeletal warrior
  9732 | D:11     | Noticed a two-headed ogre
  9744 | D:11     | Killed a two-headed ogre
  9851 | D:11     | Found a staircase to the Lair.
  9892 | D:11     | Noticed a cyclops
  9913 | D:11     | Slain by a cyclops

Illustrated notes

Levels and vault maps discovered:
D:1:      dpeg_arrival_leaves_temple_mockup, layout_rooms,
          ebering_ecumenical_altar_sacrificial
D:2:      layout_loops_cross, kennysheep_donut, st_stairs_12
D:3:      layout_rooms
D:4:      layout_basic, nicolae_titane, uniq_sigmund, uniq_natasha, uniq_ijyb,
          uniq_menkaure, uniq_duvessa
D:5:      layout_cave_pods, chequers_temple_overflow_statue_of_worship
D:6:      layout_basic, serial_glass, glass_columns_a, glass_columns_a,
          glass_columns_a, glass_columns_a, glass_columns_a, glass_columns_a,
          serial_shops, kennysheep_mini_moat, minivault_4, uniq_grinder,
          uniq_pikel
D:7:      layout_gridville, minmay_temple_entry_poolview, uniq_maggie
D:8:      layout_loops_ring, nicolae_ru_the_path_less_chosen, uniq_grum
D:9:      layout_roguey, uniq_prince_ribbit1
D:10:     cheibrodos_iron_armory, layout_cave_pools, special_room
          [special_room_orc], serial_shops, nicolae_shop_waterfront
D:11:     layout_basic, erik_lair_orcish_takeover, orc_0_dummy
Temple:   mainiacjoe_temple_bowtie_tessellation

Skill      XL: |  1  2  3  4  5  6  7  8  9 10 11 |
---------------+----------------------------------+-----
Short Blades   | 1 2 3 4 5 6 7 |  7.6
Stealth        | 4 5 6 7 9 10 11 | 11.4
Ice Magic      | 1 2 3 4 |  4.0
Spellcasting   | 3 4 5 6 7 8 |  8.7
Hexes          | 4 5 6 8 |  8.9
Conjurations   | 2 3 |  3.0
Necromancy     | 1 4 5 |  5.5
Dodging        | |  1.5

Action                   |  1- 3 |  4- 6 |  7- 9 | 10-12 || total
-------------------------+-------+-------+-------+-------++-------
Melee: Dagger            |   135 |    94 |   242 |   327 ||   798
       Bite              |    26 |    31 |    80 |   118 ||   255
       Punch             |     2 |     2 |     1 |       ||     5
       Short sword       |       |    31 |    27 |       ||    58
 Cast: Ensorcelled Hiber |     2 |     2 |    44 |    66 ||   114
       Confusing Touch   |       |     1 |     1 |    11 ||    13
       Tukima's Dance    |       |     2 |     4 |    29 ||    35
       Dazzling Flash    |       |       |     9 |    10 ||    19
Evoke: Wand              |       |     1 |     8 |     2 ||    11
  Use: Potion            |       |       |     2 |       ||     2
       Scroll            |       |       |     8 |     1 ||     9
 Stab: Sleeping          |     4 |    10 |    37 |    54 ||   105
       Confused          |       |     1 |     1 |     8 ||    10
       Invisible         |       |       |     4 |     1 ||     5
       Distracted        |       |       |       |     1 ||     1
Armor: Robe              |    18 |    10 |    16 |    39 ||    83
Dodge: Dodged            |    87 |    70 |   140 |   151 ||   448

Table legend: (Time is in decaauts)
 A = Elapsed time spent in this place.
 B = Non-inter-level travel time spent in this place.
 C = Inter-level travel time spent in this place.
 D = Time resting spent in this place.
 E = Time spent auto-exploring this place.
 F = Levels seen in this place.
 G = Mean time per level.
                   A        B        C        D        E       F      G
               +--------+--------+--------+--------+--------+-----+--------+
         Total |   9734 |   9396 |    338 |   1179 |   5703 |  12 |  811.2 |
       Dungeon |   9632 |   9329 |    303 |   1179 |   5649 |  11 |  875.6 |
        Temple |    101 |     66 |     35 |      0 |     54 |   1 |  101.0 |
               +--------+--------+--------+--------+--------+-----+--------+

Top non-repeatable levels by time:
     D:4: 1689 daAuts
     D:6: 1354 daAuts
     D:8: 1094 daAuts
     D:7: 1014 daAuts
     D:5: 846 daAuts
    D:10: 821 daAuts
     D:2: 763 daAuts
     D:9: 654 daAuts
     D:1: 523 daAuts
     D:3: 469 daAuts
    D:11: 401 daAuts
  Temple: 101 daAuts
